cohdb
Replays
Latest Replays
All Replays
Popular Replays
Top Player Replays
Match Explorer
How It Works
Community
CoH3 Stats
Reddit
Sign in to upload your games and track your stats! →
Sign in with Steam
Match 47261028
Unlisted
Match 47261028
Overview
Messages
Build Orders
End
Construct Section Command Post
Infantry Section
Dingo Light Scout Car
Infantry Section
Infantry Section
Construct Platoon Command Post
6-pounder Anti-tank Gun Team
Selects Air and Sea Battlegroup
Selects Supply Surplus
Construct Field Infirmary
Construct Company Command Post
Construct Resource Cache
Crusader II Medium Tank
Forward Retreat Point
Selects Commando Section Paradrop
Selects Commando Support Section Paradrop
Construct Resource Cache
Armored Vehicle Training
Crusader II Medium Tank
Construct Resource Cache
Crusader II Medium Tank
Infantry Training
Crusader II Medium Tank
Angry Android
Seweryn
MrStealYourHitler
Soldier6432
[PD]Folscher
[PD] squisl
[PD]Bimbi
[PD]DerSchonWieder
0
0
Comments
sign in to comment!
No comments posted yet!